FL
GRAND RAPIDS GRIFFINS @ PEORIA BLUE ANGELS
04/16/2098
 
TOP OF THE 1ST
Grand Rapids Griffins batting - Pitching for Peoria Blue Angels : RHP Allan Haas
Pitching: RHP Allan Haas
Batting: RHB Luis Montalvo 0-0: Ball
1-0: Swinging Strike
1-1: Foul Ball, location: 23F
1-2: Strikes out looking
Batting: RHB Juan Fernández 0-0: Ball
1-0: Foul Ball, location: 23FF
1-1: Foul Ball, location: 2F
1-2: Ball
2-2: Strikes out swinging
Batting: SHB Lynwood Hart 0-0: Ground out 4-3 (Groundball, 4, EV 85.6 MPH)
Top of the 1st over - 0 runs, 0 hits, 0 errors, 0 left on base; Grand Rapids 0 - Peoria 0
BOTTOM OF THE 1ST
Peoria Blue Angels batting - Pitching for Grand Rapids Griffins : RHP Leandro Gandarela
Pitching: RHP Leandro Gandarela
Batting: RHB Cullen Rich 0-0: Hit by Pitch
Batting: RHB Danny Banks 0-0: Called Strike
0-1: Swinging Strike
0-2: Ball
1-2: Fly out, F8 (Flyball, 8LM, EV 87.5 MPH)
Batting: RHB Joe Clark 0-0: SINGLE (Flyball, 7S, EV 85.6 MPH)
Cullen Rich to second
Batting: RHB Henry Henson 0-0: Called Strike
0-1: Ball
1-1: Fielders Choice at 2nd, 3-6 (Groundball, 34, EV 102.5 MPH)
Cullen Rich to third
Batting: LHB Bob Riley 0-0: Ball
1-0: Foul Ball, location: 2F
1-1: Swinging Strike
1-2: Foul Ball, location: 7LDF
1-2: Foul Ball, location: 2LF
1-2: Foul Ball, location: 9LMF
1-2: Foul Ball, location: 23F
1-2: Foul Ball, location: 5F
1-2: Fly out, F7 (Flyball, 7, EV 97.5 MPH)
Bottom of the 1st over - 0 runs, 1 hit, 0 errors, 2 left on base; Grand Rapids 0 - Peoria 0
TOP OF THE 2ND
Grand Rapids Griffins batting - Pitching for Peoria Blue Angels : RHP Allan Haas
Batting: RHB Bradley Chapman 0-0: DOUBLE (Line Drive, 5D, EV 95.6 MPH)
Batting: LHB Pedro Velásquez 0-0: Foul Ball, location: 3FF
0-1: Ball
1-1: Swinging Strike
1-2: Ball
2-2: Strikes out looking
Batting: SHB Júlio Rodríguez 0-0: Called Strike
0-1: Ball
1-1: Ball
2-1: Swinging Strike
2-2: Ball
3-2: Foul Ball, location: 25FF
3-2: Strikes out swinging
Batting: RHB Matt Smith 0-0: Foul Ball, location: 9LMF
0-1: Ball
1-1: Ball
2-1: Ball
3-1: Swinging Strike
3-2: Strikes out looking
Top of the 2nd over - 0 runs, 1 hit, 0 errors, 1 left on base; Grand Rapids 0 - Peoria 0
BOTTOM OF THE 2ND
Peoria Blue Angels batting - Pitching for Grand Rapids Griffins : RHP Leandro Gandarela
Batting: RHB Joel Robinson 0-0: Ball
1-0: Foul Ball, location: 7LSFF
1-1: Ball
2-1: Foul Ball, location: 23F
2-2: Foul Ball, location: 7LSF
2-2: Ball
3-2: Foul Ball, location: 2F
3-2: Foul Ball, location: 5F
3-2: Strikes out looking
Batting: RHB Bellchior Piol 0-0: Called Strike
0-1: Foul Ball, location: 2F
0-2: Hit by Pitch
Batting: LHB Luis Ramírez 0-0: Called Strike
0-1: Called Strike
0-2: Ball
1-2: Foul Ball, location: 2F
1-2: DOUBLE (Flyball, 8RXD, EV 110.6 MPH)
Bellchior Piol to third
Batting: RHB Michael Davis 0-0: Ground out 3-1 (Groundball, 34D, EV 96.3 MPH)
Batting: RHB Cullen Rich 0-0: Called Strike
0-1: Foul Ball, location: 25FF
0-2: Ball
1-2: Ground out 6-3 (Groundball, 6, EV 89.4 MPH)
Bottom of the 2nd over - 0 runs, 1 hit, 0 errors, 2 left on base; Grand Rapids 0 - Peoria 0
TOP OF THE 3RD
Grand Rapids Griffins batting - Pitching for Peoria Blue Angels : RHP Allan Haas
Batting: RHB Mike Godfrey 0-0: Called Strike
0-1: Ball
1-1: Swinging Strike
1-2: Strikes out swinging
Batting: RHB Jaime Nájera 0-0: Ball
1-0: Ball
2-0: Called Strike
2-1: Foul Ball, location: 2F
2-2: Strikes out swinging
Batting: RHB Luis Montalvo 0-0: Called Strike
0-1: Ball
1-1: Swinging Strike
1-2: Strikes out swinging
Top of the 3rd over - 0 runs, 0 hits, 0 errors, 0 left on base; Grand Rapids 0 - Peoria 0
BOTTOM OF THE 3RD
Peoria Blue Angels batting - Pitching for Grand Rapids Griffins : RHP Leandro Gandarela
Batting: RHB Danny Banks 0-0: Called Strike
0-1: Foul Ball, location: 9LMF
0-2: Ball
1-2: Foul Ball, location: 9LSF
1-2: Strikes out looking
Batting: RHB Joe Clark 0-0: Ball
1-0: Swinging Strike
1-1: SINGLE (Groundball, 4S, EV 66.9 MPH) (infield hit)
Batting: RHB Henry Henson 0-0: Ball
1-0: Swinging Strike
1-1: Ball
2-1: Ball
3-1: Base on Balls
Joe Clark to second
Batting: LHB Bob Riley 0-0: Foul Ball, location: 25F
0-1: Foul Ball, location: 3F
0-2: Ball
1-2: Ball
2-2: Fly out, F8 (Line Drive, 8LM, EV 78.8 MPH)
Batting: RHB Joel Robinson 0-0: Foul Ball, location: 3DF
0-1: Fly out, F8 (Flyball, 8RD, EV 78.8 MPH)
Bottom of the 3rd over - 0 runs, 1 hit, 0 errors, 2 left on base; Grand Rapids 0 - Peoria 0
TOP OF THE 4TH
Grand Rapids Griffins batting - Pitching for Peoria Blue Angels : RHP Allan Haas
Batting: RHB Juan Fernández 0-0: Ball
1-0: Called Strike
1-1: Fly out, F8 (Flyball, 8RM, EV 93.8 MPH)
Batting: SHB Lynwood Hart 0-0: Called Strike
0-1: Ball
1-1: Ball
2-1: Ball
3-1: Swinging Strike
3-2: Strikes out swinging
Batting: RHB Bradley Chapman 0-0: Foul Ball, location: 2F
0-1: Called Strike
0-2: Ground out 5-3 (Groundball, 5S, EV 71.3 MPH)
Top of the 4th over - 0 runs, 0 hits, 0 errors, 0 left on base; Grand Rapids 0 - Peoria 0
BOTTOM OF THE 4TH
Peoria Blue Angels batting - Pitching for Grand Rapids Griffins : RHP Leandro Gandarela
Batting: RHB Bellchior Piol 0-0: Called Strike
0-1: Ball
1-1: Foul Ball, location: 5FF
1-2: Ball
2-2: Foul Ball, location: 9LDF
2-2: Ball
3-2: Base on Balls
Batting: LHB Luis Ramírez 0-0: Sac Bunt to 13S - play at first, batter OUT! 1-3
Bellchior Piol to second
Batting: RHB Michael Davis 0-0: Ball
1-0: Called Strike
1-1: Foul Ball, location: 5F
1-2: Ball
2-2: Ball
3-2: Base on Balls
Batting: RHB Cullen Rich 0-0: Ball
1-0: Swinging Strike
1-1: Called Strike
1-2: Strikes out looking
Batting: RHB Danny Banks 0-0: Ball
1-0: Swinging Strike
1-1: Called Strike
1-2: Ball
2-2: Foul Ball, location: 9LDF
2-2: Ball
3-2: Fly out, F7 (Line Drive, 7D, EV 90.6 MPH)
Bottom of the 4th over - 0 runs, 0 hits, 0 errors, 2 left on base; Grand Rapids 0 - Peoria 0
TOP OF THE 5TH
Grand Rapids Griffins batting - Pitching for Peoria Blue Angels : RHP Allan Haas
Batting: LHB Pedro Velásquez 0-0: Called Strike
0-1: Foul Ball, location: 2F
0-2: Strikes out swinging
Batting: SHB Júlio Rodríguez 0-0: Called Strike
0-1: Foul Ball, location: 7LDF
0-2: Foul Ball, location: 7LSF
0-2: Ball
1-2: Ground out 6-3 (Groundball, 6MD, EV 95.6 MPH)
Batting: RHB Matt Smith 0-0: Called Strike
0-1: Foul Ball, location: 2F
0-2: Strikes out swinging
Top of the 5th over - 0 runs, 0 hits, 0 errors, 0 left on base; Grand Rapids 0 - Peoria 0
BOTTOM OF THE 5TH
Peoria Blue Angels batting - Pitching for Grand Rapids Griffins : RHP Leandro Gandarela
Batting: RHB Joe Clark 0-0: Ball
1-0: Ground out 4-3 (Groundball, 4, EV 104.4 MPH)
Batting: RHB Henry Henson 0-0: Called Strike
0-1: Called Strike
0-2: Ball
1-2: Foul Ball, location: 25FF
1-2: Fly out, F8 (Flyball, 78M, EV 89.4 MPH)
Batting: LHB Bob Riley 0-0: Called Strike
0-1: Ball
1-1: Ball
2-1: Ball
3-1: Foul Ball, location: 7LDF
3-2: Base on Balls
Pitching: RHP Manuel Alvarado
Batting: RHB Joel Robinson 0-0: Fly out, F9 (Flyball, 89M, EV 91.3 MPH)
Bottom of the 5th over - 0 runs, 0 hits, 0 errors, 1 left on base; Grand Rapids 0 - Peoria 0
TOP OF THE 6TH
Grand Rapids Griffins batting - Pitching for Peoria Blue Angels : RHP Allan Haas
Batting: RHB Mike Godfrey 0-0: Called Strike
0-1: Ball
1-1: Ball
2-1: Ball
3-1: Foul Ball, location: 2F
3-2: Foul Ball, location: 25F
3-2: Base on Balls
Batting: RHB Jaime Nájera 0-0: Sac Bunt to 5S - play at first, batter OUT! 5-3
Mike Godfrey to second
Batting: RHB Luis Montalvo 0-0: SINGLE (Line Drive, 34D, EV 94.4 MPH)
Mike Godfrey to third
Runner from 3rd tries for Home, SAFE, throw by RF to home
Luis Montalvo to second
Batting: RHB Juan Fernández 0-0: Ball
1-0: Called Strike
1-1: Fly out, F8 (Flyball, 8LD, EV 83.8 MPH)
Runner from 2nd tags up, OUT at 3rd! 8-5
Top of the 6th over - 1 run, 1 hit, 0 errors, 0 left on base; Grand Rapids 1 - Peoria 0
BOTTOM OF THE 6TH
Peoria Blue Angels batting - Pitching for Grand Rapids Griffins : RHP Manuel Alvarado
Batting: RHB Bellchior Piol 0-0: Ball
1-0: Called Strike
1-1: DOUBLE (Line Drive, 78D, EV 110.0 MPH)
Batting: LHB Luis Ramírez 0-0: Swinging Strike
0-1: Ground out 2-3 (Groundball, 2L, EV 68.8 MPH)
Batting: RHB Michael Davis 0-0: Ball
1-0: Foul Ball, location: 7LMF
1-1: Swinging Strike
1-2: Strikes out looking and he ARGUES THE CALL AND IS TOSSED!
Batting: RHB Cullen Rich 0-0: DOUBLE (Line Drive, 7LD, EV 105.6 MPH)
Bellchior Piol scores
Batting: RHB Danny Banks 0-0: Foul Ball, location: 9LSF
0-1: Ball
1-1: Called Strike
1-2: Ball
Wild Pitch!
Cullen Rich to third
2-2: Ball
3-2: Foul Ball, location: 2LF
3-2: Fly out, F8 (Flyball, 8RD, EV 93.1 MPH)
Bottom of the 6th over - 1 run, 2 hits, 0 errors, 1 left on base; Grand Rapids 1 - Peoria 1
TOP OF THE 7TH
Grand Rapids Griffins batting - Pitching for Peoria Blue Angels : RHP Allan Haas
Now at SS: Ramón Méndez
Batting: SHB Lynwood Hart 0-0: Ball
1-0: Foul Ball, location: 2F
1-1: Ball
2-1: Ball
3-1: Called Strike
3-2: Base on Balls
Batting: RHB Bradley Chapman 0-0: Swinging Strike
0-1: Ball
1-1: Called Strike
1-2: Strikes out looking
Batting: LHB Pedro Velásquez 0-0: Swinging Strike
0-1: Ball
1-1: Foul Ball, location: 7LMF
1-2: Foul Ball, location: 2F
1-2: Ball
2-2: Strikes out swinging
Batting: SHB Júlio Rodríguez 0-0: Called Strike
0-1: Swinging Strike
0-2: Ball
1-2: Ball
2-2: Strikes out looking
Top of the 7th over - 0 runs, 0 hits, 0 errors, 1 left on base; Grand Rapids 1 - Peoria 1
BOTTOM OF THE 7TH
Peoria Blue Angels batting - Pitching for Grand Rapids Griffins : RHP Manuel Alvarado
Batting: RHB Joe Clark 0-0: DOUBLE (Flyball, 78XD, EV 106.3 MPH)
Batting: RHB Henry Henson 0-0: Ball
1-0: Foul Ball, location: 9LSF
1-1: Ball
2-1: Called Strike
2-2: Strikes out swinging
Batting: LHB Bob Riley 0-0: Foul Ball, location: 9LDF
0-1: Ball
1-1: Swinging Strike
1-2: Foul Ball, location: 2F
1-2: Ball
2-2: Strikes out looking
Pitching: RHP Habte Laliza
Batting: RHB Joel Robinson 0-0: Ball
1-0: Foul Ball, location: 9LSF
1-1: Ball
2-1: Ball
3-1: Base on Balls
Batting: RHB Bellchior Piol 0-0: SINGLE (Groundball, 34D, EV 97.5 MPH)
Joe Clark to third
Joel Robinson to second
Runner from 3rd tries for Home, SAFE, throw by RF to home
Pinch Runner at 2nd Vincente Barrosa:
Batting: LHB Luis Ramírez 0-0: Swinging Strike
0-1: Ball
1-1: Foul Ball, location: 3F
1-2: Ball
2-2: Foul Ball, location: 3F
2-2: Strikes out looking
Bottom of the 7th over - 1 run, 2 hits, 0 errors, 2 left on base; Grand Rapids 1 - Peoria 2
TOP OF THE 8TH
Grand Rapids Griffins batting - Pitching for Peoria Blue Angels : RHP Allan Haas
Now at 3B: Juan Castillo
Batting: RHB Matt Smith 0-0: Ball
1-0: Ball
2-0: Ball
3-0: Called Strike
3-1: Called Strike
3-2: Foul Ball, location: 9LSF
3-2: Fly out, F4 (Line Drive, 34D, EV 67.5 MPH)
Pitching: RHP Bernardo Costa
Pinch Hitting: SHB Ángel Larino 0-0: Ball
1-0: Called Strike
1-1: Fly out, F6 (Line Drive, 6, EV 65.6 MPH)
Batting: RHB Jaime Nájera 0-0: Foul Ball, location: 2F
0-1: Fly out, F8 (Flyball, 8RM, EV 94.4 MPH)
Top of the 8th over - 0 runs, 0 hits, 0 errors, 0 left on base; Grand Rapids 1 - Peoria 2
BOTTOM OF THE 8TH
Peoria Blue Angels batting - Pitching for Grand Rapids Griffins : RHP Habte Laliza
Now at 2B: Ángel Larino
Batting: RHB Ramón Méndez 0-0: SINGLE (Groundball, 6MD, EV 110.6 MPH)
Batting: RHB Cullen Rich 0-0: Ball
1-0: Called Strike
1-1: Ball
2-1: SINGLE (Groundball, 6S, EV 68.1 MPH) (infield hit)
Ramón Méndez to second
Batting: RHB Danny Banks 0-0: Ball
1-0: Called Strike
1-1: Foul Ball, location: 2F
1-2: Ball
2-2: Fly out, F8 (Flyball, 8LD, EV 88.8 MPH)
Batting: RHB Joe Clark 0-0: Foul Ball, location: 2F
0-1: Ball
1-1: DOUBLE (Line Drive, 7LD, EV 104.4 MPH)
Ramón Méndez scores
Cullen Rich to third
Runner from 3rd tries for Home, SAFE, throw by LF to home
Batting: RHB Henry Henson 0-0: Called Strike
0-1: Foul Ball, location: 5FF
0-2: Ball
1-2: Ball
2-2: Strikes out swinging
Pitching: LHP José Cruz
Batting: LHB Bob Riley 0-0: Ball
1-0: Ball
2-0: Ball
3-0: Called Strike
3-1: Swinging Strike
3-2: Foul Ball, location: 7LMF
3-2: SINGLE (Groundball, 34, EV 99.4 MPH)
Joe Clark to third
Runner from 3rd tries for Home, throw by RF and OUT! 9-2
Bottom of the 8th over - 2 runs, 4 hits, 0 errors, 1 left on base; Grand Rapids 1 - Peoria 4
TOP OF THE 9TH
Grand Rapids Griffins batting - Pitching for Peoria Blue Angels : RHP Bernardo Costa
Pitching: RHP Marcos Martínez
Batting: RHB Luis Montalvo 0-0: Ground out 6-3 (Groundball, 56, EV 81.9 MPH)
Batting: RHB Juan Fernández 0-0: Ball
1-0: Ground out 4-3 (Groundball, 4, EV 74.4 MPH)
Batting: SHB Lynwood Hart 0-0: Foul Ball, location: 23FF
0-1: Ball
1-1: Ball
2-1: SINGLE (Groundball, 56D, EV 95.0 MPH)
Batting: RHB Bradley Chapman 0-0: Ground out 6-3 (Groundball, 6S, EV 79.4 MPH)
Top of the 9th over - 0 runs, 1 hit, 0 errors, 1 left on base; Grand Rapids 1 - Peoria 4
Wednesday, May 1st , 2024 - OOTP Baseball 24.6 Build 69